AoeStats
← MooseMooch

Arabia

509034254Analyzed
1v1 RM · 7d ago on Sep 25, 2026· 27m 5s· 2 players
Game mode
Random Map
Map size
Tiny (2 player)
Population
200
Speed
Normal
Resources
Standard
Victory
Conquest
Starting age
Dark Age
Ending age
Imperial Age
RankedLock teamsTeams togetherTeam positionsShared explorationLock speedFull tech treeHidden civsTurbo modeCheats
Victory
Defeat
🇺🇸 Turks · United States
1360
+14
🇩🇪 Gurjaras · Germany
1319
-14
MooseMooch
5:11 Loom
8:53 Feudal Age
9:49 Double-Bit Axe
10:26 Horse Collar
20:35 Fletching
24:31 Wheelbarrow
27:03 Castle Age
25:58 Gold Mining
SLAMPIG
7:00 Loom
9:19 Feudal Age
9:22 Man-at-Arms
10:25 Double-Bit Axe
19:05 Fletching
19:06 Horse Collar
19:20 Gold Mining
20:02 Padded Archer Armor
26:56 Castle Age
25:56 Bloodlines
25:56 Scale Barding Armor
27:37 Bodkin Arrow
27:02 Crossbowman
Connection lost

Rejoining the realm…

Still unreachable

The connection could not be restored.

Session expired

The server has moved on; the page needs a fresh start.